Map: Junção Kairos LE

Players

Paul

  • Race: Protoss Protoss
  • League: Gold
  • Spawn Location: 11:00

Vicster - Winner!

  • Race: Terran Terran
  • League: Gold
  • Spawn Location: 5:00

VOD

Have the link to the VOD?

Description

Time

  • Played on: Jan. 10, 2019, 2:30 p.m.
  • Length: 17:22
Show
View Real Time Build Order
Export as new Build Order

Paul Protoss 

Build Orders:  

Get SALT Encoding   

  1  0:00  Probe  
  13  0:14  Probe, Pylon  
  14  0:35  Gateway  
  14  0:37  Assimilator  
  14  0:41  Probe  
  15  0:53  Probe  
  16  1:02  Probe  
  16  1:10  Probe  
  18  1:19  Pylon  
  18  1:20  Probe  
  19  1:29  Cybernetics Core  
  19  1:32  Probe  
  20  1:35  Assimilator  
  20  1:44  Probe  
  21  1:56  Probe  
  22  2:06  Warp Gate, Stalker  
  24  2:08  Probe  
  25  2:18  Twilight Council  
  25  2:19  Pylon  
  25  2:46  Charge  
  25  2:53  Gateway x2  
  25  2:55  Gateway  
  25  3:02  Pylon  
  25  3:05  Gateway  
  25  3:14  Gateway  
  25  3:47  Pylon  
  25  3:48  Zealot  
  25  3:49  Zealot x2  
  25  3:51  Pylon  
  30  4:12  Stalker  
  30  4:15  Zealot  
  34  4:25  Stalker x2  
  38  4:33  Stalker  
  38  4:37  Stalker  
  42  4:59  Zealot  
  44  5:01  Zealot x3  
  44  5:02  Zealot  
  48  5:33  Sentry x3  
  48  5:34  Nexus  
  54  5:46  Pylon  
  54  5:48  Pylon  
  54  6:23  Stalker  
  54  6:24  Stalker x2  
  54  6:25  Stalker  
  62  6:49  Probe  
  63  6:55  Pylon  
  63  6:58  Probe  
  63  7:01  Probe  
  64  7:06  Probe  
  65  7:13  Probe  
  67  7:16  Probe  
  68  7:27  Stalker x2  
  68  7:28  Probe  
  73  7:37  Probe  
  74  7:40  Probe  
  75  7:49  Probe  
  76  7:52  Probe  
  76  7:53  Gateway  
  76  7:55  Gateway  
  75  7:59  Pylon  
  75  8:01  Probe  
  75  8:04  Probe  
  77  8:17  Stalker  
  77  8:18  Stalker  
  81  8:56  Pylon  
  81  8:57  Pylon  
  81  8:59  Pylon  
  81  9:00  Pylon  
  81  9:05  Stargate  
  81  9:07  Stargate  
  81  9:08  Pylon  
  81  9:12  Probe  
  82  9:19  Forge  
  82  9:20  Probe, Forge  
  82  9:26  Assimilator  
  82  9:28  Probe, Assimilator  
  84  9:40  Probe  
  85  9:54  Void Ray x2  
  85  9:58  Shield Battery  
  93  10:00  Shield Battery  
  93  10:01  Shield Battery  
  93  10:02  Protoss Ground Weapons Level 1  
  93  10:04  Fleet Beacon  
  91  10:12  Stalker x2  
  95  10:24  Robotics Facility  
  95  10:29  Probe  
  96  11:02  Carrier x2  
  108  11:07  Protoss Air Weapons Level 1  
  108  11:15  Protoss Ground Armor Level 1  
  104  11:46  Photon Cannon  
  104  11:47  Photon Cannon  
  104  11:49  Photon Cannon  
  104  11:53  Probe  
  101  12:05  Probe  
  55  12:19  Stalker x3  
  43  13:13  Oracle  
  46  13:21  Nexus  
  46  13:29  Observer  
  46  13:31  Nexus  
  47  13:35  Pylon  
  47  13:38  Pylon  
  47  13:50  Observer  
  48  13:59  Stalker  
  50  14:50  Assimilator  
  50  14:52  Assimilator  
  50  14:59  Probe  
  50  15:06  Probe  
  52  15:07  Probe  
  53  15:17  Probe, Protoss Air Armor Level 1  
  53  15:18  Probe  
  55  15:22  Carrier  
  55  15:29  Probe  
  55  15:31  Probe  
  63  15:39  Probe  
  63  15:41  Probe  
  65  15:56  Carrier  
  71  16:15  Zealot x2  
  71  16:16  Zealot  
  39  16:56  Sentry  
  39  16:58  Stalker  
Show
View Real Time Build Order
Export as new Build Order

Vicster Terran - Winner!

Build Orders: Cyclone Opening 

Get SALT Encoding   

  12  0:01  SCV  
  13  0:13  SCV  
  14  0:17  Supply Depot  
  14  0:25  SCV  
  15  0:38  SCV  
  15  0:42  Barracks  
  16  0:46  Refinery  
  16  0:51  SCV  
  17  1:03  SCV  
  18  1:15  SCV  
  19  1:27  SCV  
  20  1:39  Orbital Command  
  20  1:45  Supply Depot  
  20  1:50  Factory  
  20  2:03  Command Center  
  20  2:06  Barracks Reactor  
  20  2:09  SCV  
  21  2:37  Factory Tech Lab  
  21  2:39  Bunker  
  21  2:44  Marine x2  
  22  2:46  SCV  
  22  2:50  Refinery  
  24  2:57  Cyclone  
  27  3:01  Marine x2  
  29  3:15  Orbital Command  
  29  3:19  Marine x2  
  31  3:25  Bunker  
  31  3:29  Cyclone  
  34  3:34  SCV  
  34  3:37  Marine x2  
  37  3:47  SCV  
  38  3:59  Marine x2, SCV  
  41  4:07  Cyclone  
  44  4:16  Marine  
  45  4:25  Orbital Command  
  42  4:42  Siege Tank  
  45  4:56  SCV  
  46  5:00  Supply Depot  
  46  5:05  Factory  
  46  5:21  SCV x2  
  46  5:25  Siege Tank  
  51  5:33  SCV x2  
  53  5:45  SCV  
  54  5:51  Bunker  
  54  5:58  Supply Depot  
  54  6:04  Supply Depot  
  54  6:06  Supply Depot  
  54  6:07  Factory Tech Lab  
  54  6:20  Marine x2, SCV x2  
  58  6:31  Siege Tank  
  58  6:32  SCV x2  
  63  6:38  Marine x2  
  65  6:44  SCV x2, Starport  
  65  6:45  Siege Tank  
  70  6:55  Marine x2  
  72  7:07  Command Center, Supply Depot  
  72  7:11  Supply Depot  
  72  7:24  Starport Tech Lab  
  72  7:25  Marine x2  
  74  7:43  Marine  
  69  8:45  Orbital Command  
  69  8:48  Banshee  
  72  8:54  Starport  
  72  8:55  Cloaking Field  
  72  8:56  Starport  
  72  9:00  Cyclone x2  
  78  9:08  Orbital Command  
  78  9:32  Cyclone  
  81  9:38  Starport Tech Lab  
  81  9:39  Starport Tech Lab  
  81  9:42  SCV  
  81  9:43  SCV  
  83  9:48  Refinery x2  
  83  9:54  SCV  
  83  9:55  SCV  
  85  10:06  SCV  
  86  10:07  SCV  
  87  10:14  Banshee  
  87  10:15  Banshee x2  
  87  10:18  SCV  
  87  10:19  SCV  
  98  10:33  SCV x2  
  100  10:37  Supply Depot, Orbital Command  
  100  10:41  Supply Depot  
  100  10:45  SCV  
  100  10:46  SCV  
  102  10:57  Banshee  
  102  10:58  SCV  
  106  11:04  Viking  
  106  11:07  Cyclone x2  
  106  11:08  Banshee  
  117  11:16  SCV  
  117  11:17  SCV  
  119  11:19  SCV  
  120  11:27  Refinery x2  
  120  11:28  SCV  
  120  11:29  SCV  
  122  11:34  Banshee  
  125  12:01  SCV  
  125  12:03  Cyclone  
  83  12:56  Armory  
  83  12:58  Armory  
  74  13:01  Viking x3  
  74  13:03  Marine  
  74  13:04  Marine  
  82  13:05  Cyclone  
  82  13:06  Cyclone  
  88  13:21  Marine  
  89  13:31  Viking x3  
  95  13:34  Engineering Bay  
  95  13:38  Cyclone x2  
  98  13:42  Supply Depot  
  98  13:44  Supply Depot  
  98  13:45  Terran Vehicle Weapons Level 1, Terran Vehicle And Ship Armor Level 1  
  98  14:01  Viking x3, Engineering Bay  
  104  14:07  Missile Turret  
  104  14:08  Missile Turret x2  
  104  14:12  Command Center  
  104  14:15  Missile Turret  
  104  14:18  SCV x3  
  104  14:22  Missile Turret  
  107  14:25  Missile Turret  
  107  14:30  SCV  
  108  14:41  Missile Turret  
  108  14:45  Terran Infantry Armor Level 1, Missile Turret, Terran Infantry Weapons Level 1  
  108  14:55  Fusion Core  
  108  15:02  SCV x3  
  111  15:14  SCV x3  
  113  15:16  Refinery  
  113  15:18  Refinery  
  114  15:26  Viking x3  
  120  15:29  Thor  
  120  15:30  Marine, Thor  
  120  15:31  Marine  
  134  15:46  Weapon Refit  
  134  15:48  Marine  
  134  15:49  Marine  
  136  15:56  Viking x3  
  142  16:06  Marine  
  142  16:07  Marine  
  144  16:16  Thor  
  150  16:24  Marine  
  150  16:25  Marine, Orbital Command  
  152  16:26  Viking x2  
  156  16:33  Command Center  
Tags
 
Add a new tag
Caveats
  • Supply blocks, unpowered buildings, or Contaminate may cause inaccurate times.
  • Supply counts are checked every 10 seconds.